 Dungeon Crawl Stone Soup version 0.20-a0-1122-gb7cbeb9 (webtiles) character file.

7940 MenacingMecha the Nimble (level 11, 0/93 (94) HPs)
             Began as a Troll Fighter on May 11, 2017.
             Was an Elder of Cheibriados.
             Slain by a hippogriff (9 damage)
             ... on level 9 of the Dungeon.
             The game lasted 00:16:42 (6964 turns).

MenacingMecha the Nimble (Troll Fighter)            Turns: 6964, Time: 00:16:43

HP:   0/93 (94)     AC:  6    Str: 38    XL:     11   Next: 3%
MP:   7/13          EV: 16    Int: 14    God:    Cheibriados [****..]
Gold: 377           SH: 22    Dex: 23    Spells: 10/10 levels left

rFire    . . .     SeeInvis .     - Unarmed
rCold    . . .     Gourm    +   p - +2 large shield
rNeg     . . .     Faith    .   a - +0 robe
rPois    .         Spirit   .   (helmet restricted)
rElec    .         Reflect  .   (no cloak)
rCorr    .         Harm     .   (gloves unavailable)
MR       .....                  (boots unavailable)
Stlth    ++........             (no amulet)
Regen    0.7/turn               j - +3 ring of dexterity
MPRegen  0.2/turn               r - ring of wizardry {Wiz+}

@: mighty, very slow
A: unfitting armour, claws 3, fast metabolism 3, gourmand, sense surroundings 1,
regeneration 1, shaggy fur 2, tough skin 2, weak 1, wild magic 1, MP-powered
wands
a: Bend Time, Temporal Distortion, Slouch, Renounce Religion


You were on level 9 of the Dungeon.
You worshipped Cheibriados.
Cheibriados was greatly pleased with you.
You were completely stuffed.

You visited 1 branch of the dungeon, and saw 9 of its levels.

You collected 465 gold pieces.
You spent 88 gold pieces at shops.

Inventory:

Missiles
 q - 6 exploding tomahawks
 u - 8 tomahawks of returning
 B - 7 tomahawks (quivered)
Armour
 a - a +0 robe (worn)
 p - a +2 large shield (worn)
   (You found it on level 3 of the Dungeon)
Jewellery
 j - a +3 ring of dexterity (left claw)
   (You found it on level 6 of the Dungeon)
 r - a ring of wizardry (right claw) {Wiz+}
   (You found it on level 7 of the Dungeon)
Wands
 e - a wand of flame (11/48)
   (You took it off Ijyb on level 2 of the Dungeon)
 k - a wand of clouds (8/9)
   (You found it on level 3 of the Dungeon)
 z - a wand of lightning (6/15)
   (You found it on level 6 of the Dungeon)
Scrolls
 f - 4 scrolls of identify
 i - 3 scrolls of remove curse
 l - 2 scrolls of recharging
 s - a scroll of noise
 t - 3 scrolls of magic mapping
 y - 4 scrolls of blinking
 C - a scroll of teleportation
 D - a scroll of amnesia
Potions
 b - a potion of brilliance
 c - a potion of might
 h - a potion of heal wounds {unknown}
 m - 3 potions of agility
 n - a potion of flight
 v - a potion of mutation {unknown}
 w - a potion of magic {unknown}
 x - a potion of berserk rage {unknown}
Comestibles
 d - 5 bread rations
 g - 2 meat rations
 o - 5 fruits
 A - 3 chunks of flesh
 E - 3 mutagenic chunks of flesh


   Skills:
 - Level 2.4 Fighting
 + Level 4.7 Throwing
 - Level 9.8 Dodging
 - Level 7.1 Shields
 - Level 9.4 Unarmed Combat
 - Level 4.2 Invocations


You had 10 spell levels left.
You didn't know any spells.

Dungeon Overview and Level Annotations

Branches:
Dungeon (9/15)             Temple (0/1) D:6
   Lair: D:8-11         Orc: D:9-12

Altars:
Ashenzari
Cheibriados
Fedhas
Okawaru
Qazlal
Sif Muna
Yredelemnul
The Shining One

Shops:
D:6 *   D:8 [

Annotations:
D:4 exclusion: orc wizard


Innate Abilities, Weirdness & Mutations

You are too large for most types of armour.
You have claws for hands.
Your metabolism is lightning-fast.
You like to eat raw meat.
Your natural rate of healing is unusually fast.
You are covered in thick fur. (AC +2)
You have very tough skin. (AC +2)
You passively map a small area around you.
You are weak. (Str -2)
Your spells are a little harder to cast, but a little more powerful.
You expend magic power (3 MP) to strengthen your wands.


Message History

You kill the leopard gecko!
Cheibriados thoroughly appreciates the change of pace.
You feel somewhat less full.
Cheibriados lowers the support of your attributes as your movement quickens.
You block the elephant's attack.
The elephant trunk-slaps you but does no damage.
You claw the basilisk!
The basilisk is almost dead.
You block the hippogriff's attack.
The hippogriff pecks you but does no damage.
The hippogriff closely misses you. The elephant barely misses you.
The elephant trunk-slaps you but does no damage.
The basilisk gazes at you.
You are slowing down.
You scratch the basilisk.
You kill the basilisk!
Cheibriados thoroughly appreciates the change of pace.
The hippogriff bites you. The hippogriff pecks you. The hippogriff claws you.
The elephant closely misses you. The elephant trunk-slaps you.
Your limbs are stiffening.
You barely miss the hippogriff.
The hippogriff is heavily wounded.
The hippogriff bites you. The hippogriff pecks you.
The hippogriff closely misses you. The elephant tramples you!
You hold your ground!
The elephant barely misses you. The hippogriff bites you.
The hippogriff pecks you but does no damage.
The hippogriff claws you. The elephant barely misses you. x2
You have turned to stone.
The hippogriff bites you! The hippogriff pecks you.
The hippogriff completely misses you. The elephant tramples you!
You are shoved backwards!
Found 11 gold pieces.
Found a stormy altar of Qazlal.
The elephant tramples you but does no damage.
The elephant trunk-slaps you but does no damage.
The elephant tramples you.
You are shoved backwards!
The elephant tramples you!
You are shoved backwards!
The elephant tramples you.
You are shoved backwards!
The hippogriff bites you. The hippogriff pecks you!
The hippogriff claws you but does no damage.
The elephant tramples you!
You are shoved backwards!
The elephant tramples you but does no damage.
The elephant trunk-slaps you but does no damage.
The hippogriff bites you. The hippogriff pecks you.
The hippogriff claws you but does no damage.
The elephant tramples you!
You hold your ground!
The elephant trunk-slaps you.
* * * LOW HITPOINT WARNING * * *
The hippogriff bites you!
* * * LOW HITPOINT WARNING * * *
The hippogriff pecks you.
* * * LOW HITPOINT WARNING * * *
The hippogriff claws you but does no damage.
The elephant tramples you.
* * * LOW HITPOINT WARNING * * *
You hold your ground!
The elephant trunk-slaps you.
A six-headed hydra comes into view.
The hippogriff bites you!
* * * LOW HITPOINT WARNING * * *
The hippogriff pecks you.
* * * LOW HITPOINT WARNING * * *
The hippogriff claws you.
* * * LOW HITPOINT WARNING * * *
The elephant tramples you!
* * * LOW HITPOINT WARNING * * *
You hold your ground!
The elephant trunk-slaps you but does no damage.
You turn to flesh and can move again.
Unknown command.
The six-headed hydra roars!
The hippogriff misses you. The hippogriff completely misses you.
You block the hippogriff's attack. x2
The hippogriff pecks you but does no damage.
You block the hippogriff's attack. You block the elephant's attack.
The elephant closely misses you. The flow of time bends around you.
Cheibriados rebukes the elephant.
The elephant seems to slow down.
You feel slightly less full. The elephant tramples you.
* * * LOW HITPOINT WARNING * * *
You stumble backwards!
The hippogriff bites you but does no damage.
You block the hippogriff's attack. x2
You block the hippogriff's attack. The hippogriff pecks you.
* * * LOW HITPOINT WARNING * * *
The hippogriff closely misses you.
You claw the elephant!
The elephant is almost dead.
The elephant tramples you.
* * * LOW HITPOINT WARNING * * *
You stumble backwards!
You claw the elephant!
You kill the elephant!
Cheibriados appreciates the change of pace.
You have reached level 11!
Your shield prevents you from hitting the hippogriff.
The hippogriff is heavily wounded.
You block the hippogriff's attack. x2; The hippogriff misses you.
You feel very mighty all of a sudden. The hippogriff barely misses you.
You block the hippogriff's attack. The hippogriff claws you!
You die...

, .#............ ,.###...#
#.........>.... * .
......#................ ,
#.#....[................(
,
,........#..............[.
..#................†<..).
,
,...........P.P...........
........#..PPP...........
.......@H.PP_P.....#.....
........D..P.PP.....###..
*
...........P.P..#...$###.
,........#......?#..#..# #
......#......§..#.).#..#
...........≈.#§...#.##.#
............_#§...... ..$
** .#........≈≈.#....#...
.. *
............≈#.#...##.,


You could see a six-headed hydra and a hippogriff.

Vanquished Creatures
  The ghost of Shimatora the Cleaver, a novice HOFi of Okawaru (D:8)
  Pikel (D:7)
  An elephant (D:9)
  A kobold demonologist (D:8)
  Grinder (D:5)
  Sigmund (D:6)
  The ghost of Trigun the Covered, an amateur MiFi (D:5)
  A basilisk (D:9)
  The ghost of M4edhros the Insei, an amateur OpNe (D:4)
  Menkaure (D:4)
  2 water moccasins
  Duvessa (D:4)
  A black bear (D:7)
  4 ice beasts
  An orc warrior (D:9)
  2 sky beasts
  4 slaves (D:6)
  A necrophage (D:6)
  A phantom (D:6)
  4 ogres
  3 centaurs
  7 big kobolds (D:8)
  3 bullfrogs
  3 scorpions
  Dowan (D:4)
  The ghost of Shimatora the Chopper, a weakling HOFi (D:3)
  5 wights (D:8)
  4 howler monkeys
  2 crimson imps (D:6)
  A hound (D:9)
  A centaur skeleton (D:4)
  2 orc priests
  Ijyb (D:2)
  A bullfrog skeleton (D:5)
  An orc wizard (D:6)
  4 iguanas
  2 worker ants (D:4)
  A worker ant zombie (D:6)
  6 adders
  2 shadow imps
  An adder zombie (D:5)
  3 adder skeletons
  2 worms
  3 dart slugs (D:1)
  5 leopard geckos
  18 orcs
  2 ball pythons
  3 bats
  3 giant cockroaches
  10 hobgoblins
  11 jackals
  2 quokkas
  5 frilled lizards
  13 goblins
  2 jackal skeletons
  A jackal zombie (D:5)
  12 kobolds
  A leopard gecko zombie (D:5)
  12 rats
191 creatures vanquished.

Notes
Turn   | Place    | Note
-------+----------+-------------------------------------------
     0 | D:1      | MenacingMecha the Troll Fighter began the quest for the Orb.
     0 | D:1      | Reached XP level 1. HP: 22/22 MP: 0/0
    57 | D:1      | Reached XP level 2. HP: 29/29 MP: 1/1
   126 | D:1      | Reached skill level 3 in Shields
   212 | D:1      | Reached XP level 3. HP: 34/36 MP: 2/2
   743 | D:2      | Noticed Ijyb
   758 | D:2      | HP: 9/36 [goblin (3)]
   759 | D:2      | HP: 3/36 [Ijyb/wand of flame (?/48) (5)]
   767 | D:2      | Killed Ijyb
   767 | D:2      | Reached skill level 3 in Unarmed Combat
   767 | D:2      | Reached XP level 4. HP: 7/44 MP: 3/3
   772 | D:2      | HP: 10/44 [goblin/enchanted hunting sling (1)]
  1594 | D:3      | Found a snail-covered altar of Cheibriados.
  1600 | D:3      | Noticed Shimatora's ghost (weakling HOFi)
  1603 | D:3      | Became a worshipper of Cheibriados the Contemplative
  1610 | D:3      | Killed Shimatora's ghost
  1737 | D:3      | Reached XP level 5. HP: 50/50 MP: 4/4
  1895 | D:3      | Reached skill level 4 in Unarmed Combat
  2237 | D:4      | Noticed Menkaure
  2249 | D:4      | Killed Menkaure
  2249 | D:4      | Reached skill level 4 in Shields
  2249 | D:4      | Reached XP level 6. HP: 59/59 MP: 5/5
  2265 | D:4      | Noticed M4edhros's ghost (amateur OpNe)
  2298 | D:4      | Killed M4edhros's ghost
  2298 | D:4      | Reached skill level 5 in Unarmed Combat
  2409 | D:4      | Found a deep blue altar of Sif Muna.
  2434 | D:4      | Noticed Dowan
  2444 | D:4      | Killed Dowan
  2444 | D:4      | Reached XP level 7. HP: 57/66 MP: 6/6
  2499 | D:4      | Noticed Duvessa
  2505 | D:4      | Killed Duvessa
  2505 | D:4      | Reached * piety under Cheibriados
  2505 | D:4      | Reached skill level 6 in Unarmed Combat
  2615 | D:4      | Reached skill level 5 in Shields
  2695 | D:4      | Found a faded altar of an unknown god.
  2695 | D:4      | Found a glowing golden altar of the Shining One.
  2701 | D:4      | Found an iron altar of Okawaru.
  2703 | D:4      | Found a faded altar of an unknown god.
  2705 | D:4      | Found a basalt altar of Yredelemnul.
  2761 | D:4      | Reached skill level 7 in Unarmed Combat
  3101 | D:5      | Entered Level 5 of the Dungeon
  3219 | D:5      | Reached XP level 8. HP: 68/74 MP: 7/7
  3288 | D:5      | Noticed Trigun's ghost (amateur MiFi)
  3307 | D:5      | Killed Trigun's ghost
  3433 | D:5      | Reached skill level 6 in Shields
  3433 | D:5      | Reached skill level 8 in Unarmed Combat
  3632 | D:5      | Reached ** piety under Cheibriados
  3835 | D:5      | Gained mutation: You are covered in thick fur. (AC +2) [mutagenic meat]
  3836 | D:5      | Gained mutation: You expend magic power (3 MP) to strengthen your wands. [mutagenic meat]
  3837 | D:5      | Gained mutation: Your spells are a little harder to cast, but a little more powerful. [mutagenic meat]
  3838 | D:5      | Gained mutation: You passively map a small area around you. [mutagenic meat]
  3839 | D:5      | Gained mutation: You are weak. (Str -2) [mutagenic meat]
  3911 | D:5      | Noticed Grinder
  3921 | D:5      | Paralysed by Grinder for 4 turns
  3930 | D:5      | Killed Grinder
  4140 | D:5      | Reached skill level 9 in Unarmed Combat
  4363 | D:5      | Reached skill level 9 in Dodging
  4363 | D:5      | Reached XP level 9. HP: 80/80 MP: 8/8
  4415 | D:6      | Found a staircase to the Ecumenical Temple.
  4440 | D:6      | Noticed Sigmund
  4459 | D:6      | Noticed Pikel
  4478 | D:6      | Killed Sigmund
  4478 | D:6      | Reached XP level 10. HP: 80/88 MP: 9/9
  4494 | D:6      | Reached skill level 7 in Shields
  5039 | D:6      | Found Myahaolo's Assorted Antiques.
  5044 | D:6      | Bought a scroll labeled NEWIQA GEFIJYDGH for 22 gold pieces
  5044 | D:6      | Bought a scroll labeled EXUDAUFIRO for 22 gold pieces
  5044 | D:6      | Bought a scroll labeled HIRRO WAZAURE for 22 gold pieces
  5044 | D:6      | Bought a scroll labeled EXUDAUFIRO for 22 gold pieces
  5459 | D:7      | Killed Pikel
  5459 | D:7      | Reached *** piety under Cheibriados
  5459 | D:7      | Reached skill level 2 in Invocations
  5498 | D:7      | Found a basalt altar of Yredelemnul.
  5623 | D:7      | Reached skill level 3 in Invocations
  5656 | D:7      | Found a shattered altar of Ashenzari.
  6159 | D:8      | Noticed Shimatora's ghost (novice HOFi)
  6456 | D:8      | Found Zixzio Bury's Armour Shoppe.
  6541 | D:8      | Noticed a sixfirhy
  6546 | D:8      | Reached skill level 4 in Invocations
  6550 | D:8      | Reached **** piety under Cheibriados
  6573 | D:8      | Reached skill level 1 in Throwing
  6685 | D:8      | Killed Shimatora's ghost
  6685 | D:8      | Reached skill level 2 in Throwing
  6798 | D:8      | Reached skill level 3 in Throwing
  6901 | D:9      | Noticed an elephant
  6924 | D:8      | Reached skill level 4 in Throwing
  6936 | D:9      | Found a blossoming altar of Fedhas.
  6945 | D:9      | Found a stormy altar of Qazlal.
  6953 | D:9      | HP: 21/87 [hippogriff (1)]
  6954 | D:9      | Noticed a six-headed hydra
  6954 | D:9      | HP: 6/87 [elephant (6)]
  6960 | D:9      | HP: 10/87 [hippogriff (1)]
  6962 | D:9      | Killed an elephant
  6962 | D:9      | Reached XP level 11. HP: 8/93 MP: 7/13
  6964 | D:9      | Slain by a hippogriff

Vault maps used:
D:1:      roderic_dead_forest, minmay_bisected
D:2:      kennysheep_the_goblin_king
D:3:      lemuel_crystal_altar
D:4:      led_sif_book, chequers_temple_overflow_minitemple, first_bread,
          minmay_door_square, minmay_divided_ellipse, uniq_menkaure,
          uniq_duvessa
D:5:      nicolae_zen_rock_garden, uniq_grinder, uniq_ijyb
D:6:      minmay_temple_entry_from_below_a, serial_co_window_serial,
          co_window_corner_a, co_window_cross_1, co_window_paths_b,
          co_window_paths_a, co_window_corner_a, co_window_corner_b,
          co_window_broadway_c, co_window_broadway_c, serial_shops, shop,
          uniq_pikel, uniq_sigmund
D:7:      nicolae_ashenzari_panopticon, basic_altar
D:8:      special_room, serial_shops, nicolae_shop_waterfront
D:9:      grunt_temple_overflow_forces_of_nature, david_lair_generic

Skill      XL: |  1  2  3  4  5  6  7  8  9 10 |
---------------+-------------------------------+-----
Shields        | 3 4 5 6 7 |  7.1
Unarmed Combat | 3 4 5 7 9 |  9.4
Dodging        | 9 |  9.8
Invocations    | 4 |  4.2
Throwing       | 4 |  4.7
Fighting       | |  2.4

Action                   |  1- 3 |  4- 6 |  7- 9 | 10-12 || total
-------------------------+-------+-------+-------+-------++-------
Melee: Unarmed           |    94 |   108 |   164 |   212 ||   578
Throw: Tomahawk          |       |       |     4 |    10 ||    14
Invok: Bend Time         |       |       |     1 |     2 ||     3
       Slouch            |       |       |       |     1 ||     1
  Use: Scroll            |     2 |       |    10 |     4 ||    16
       Potion            |     1 |       |     4 |     1 ||     6
 Stab: Sleeping          |       |     1 |       |     4 ||     5
  Eat: Chunk             |     4 |    18 |    16 |    20 ||    58
       Meat ration       |       |     1 |       |       ||     1
Armor: Robe              |    27 |    19 |    16 |    29 ||    91
Dodge: Dodged            |    33 |    23 |    26 |    66 ||   148
Block: Shield            |    50 |    41 |       |       ||    91
       Large shield      |       |    12 |   121 |   191 ||   324

Vault maps used:
D:1:      roderic_dead_forest, minmay_bisected
D:2:      kennysheep_the_goblin_king
D:3:      lemuel_crystal_altar
D:4:      led_sif_book, chequers_temple_overflow_minitemple, first_bread,
          minmay_door_square, minmay_divided_ellipse, uniq_menkaure,
          uniq_duvessa
D:5:      nicolae_zen_rock_garden, uniq_grinder, uniq_ijyb
D:6:      minmay_temple_entry_from_below_a, serial_co_window_serial,
          co_window_corner_a, co_window_cross_1, co_window_paths_b,
          co_window_paths_a, co_window_corner_a, co_window_corner_b,
          co_window_broadway_c, co_window_broadway_c, serial_shops, shop,
          uniq_pikel, uniq_sigmund
D:7:      nicolae_ashenzari_panopticon, basic_altar
D:8:      special_room, serial_shops, nicolae_shop_waterfront
D:9:      grunt_temple_overflow_forces_of_nature, david_lair_generic

Table legend:
 A = Turns spent in this place as a percentage of turns spent in the entire game.
 B = Non-inter-level travel turns spent in this place as a percentage of non-inter-level travel turns spent in the entire game.
 C = Inter-level travel turns spent in this place as a percentage of turns spent in this place.
 D = Turns resting spent in this place as a percentage of non-inter-level travel turns spent in this place.
 E = Turns spent auto-exploring this place as a percentage of non-inter-level travel turns spent in this place.
 F = Non-inter-level travel turns spent in this place divided by the number of levels of this place that you've seen.
                   A       B       C       D       E      F
               +-------+-------+-------+-------+-------+----------------------
         Total | 100.0 | 100.0 |   0.6 |   3.0 |   9.9 | 218.1
       Dungeon | 100.0 | 100.0 |   0.6 |   3.0 |   9.9 | 218.1
               +-------+-------+-------+-------+-------+----------------------

Table legend:
 A = Kills in this place as a percentage of kills in entire the game.
 B = Kills by you in this place as a percentage of kills by you in the entire game.
 C = Kills by friends in this place as a percentage of kills by friends in the entire game.
 D = Other kills in this place as a percentage of other kills in the entire game.
 E = Experience gained in this place as a percentage of experience gained in the entire game.
 F = Experience gained in this place divided by the number of levels of this place that you have seen.
                   A       B       C       D       E      F
               +-------+-------+-------+-------+-------+----------------------
         Total | 100.0 | 100.0 |  -nan |  -nan | 100.0 | 980.1
       Dungeon | 100.0 | 100.0 |  -nan |  -nan | 100.0 | 980.1
               +-------+-------+-------+-------+-------+----------------------
